AoeStats
← DonJuan14

Arena

504672850Analyzed
4v4 RM · 27d ago on Sep 6, 2026· 77m 31s· 8 players
Game mode
Random Map
Map size
Large (8 player)
Population
200
Speed
Normal
Resources
Standard
Victory
Conquest
Starting age
Dark Age
Ending age
Imperial Age
RankedLock teamsTeams togetherTeam positionsShared explorationLock speedFull tech treeHidden civsTurbo modeCheats
Victory
Defeat
956
+15
🇺🇸 Dravidians · United States
931
+16
🇩🇪 Chinese · Germany
929
+40
🇺🇸 Japanese · United States
877
+17
🇹🇷 Spanish · Türkiye
950
-17
🇨🇳 Romans · China
930
-16
🇹🇼 Cumans · Taiwan
923
-16
🇨🇳 Franks · China
903
-15
SUZUKI
1:26 Loom
12:22 Feudal Age
13:32 Double-Bit Axe
15:23 Gold Mining
26:52 Castle Age
27:21 Capped Ram
41:30 Wheelbarrow
40:44 Town Watch
48:29 Hand Cart
48:50 Bow Saw
49:23 Horse Collar
52:49 Gold Shaft Mining
52:07 Stone Mining
52:34 Heavy Plow
53:39 Town Patrol
56:04 Forging
55:55 Scale Mail Armor
56:00 Scale Barding Armor
55:56 Padded Archer Armor
55:46 Fletching
58:36 Imperial Age
57:05 Ballistics
57:00 Masonry
56:46 Pikeman
57:27 Squires
57:12 Arson
58:06 Iron Casting
57:47 Chain Mail Armor
57:52 Chain Barding Armor
59:15 Bloodlines
60:02 Elite Steppe Lancer
62:46 Plate Mail Armor
64:00 Two-Man Saw
63:46 Leather Archer Armor
65:01 Crop Rotation
65:42 Chemistry
64:39 Murder Holes
66:40 Blast Furnace
66:55 Plate Barding Armor
68:32 Ring Archer Armor
67:58 Bodkin Arrow
68:41 Thumb Ring
68:45 Elite Skirmisher
69:52 Parthian Tactics
73:24 Conscription
YAMAHA
1:05 Loom
11:31 Feudal Age
17:44 Castle Age
16:07 Double-Bit Axe
16:22 Horse Collar
18:58 Heavy Plow
25:17 Wheelbarrow
26:36 Scale Barding Armor
32:42 Gold Mining
33:07 Bow Saw
33:41 Chain Barding Armor
33:37 Bloodlines
33:28 Husbandry
36:12 Hand Cart
39:49 Imperial Age
37:34 Forging
37:47 Ballistics
38:09 Fortified Wall
41:36 Chemistry
42:39 Plate Barding Armor
41:27 Pikeman
44:31 Scale Mail Armor
45:32 Iron Casting
46:05 Chain Mail Armor
46:08 Cavalier
47:33 Paladin
49:57 Blast Furnace
54:31 Plate Mail Armor
60:04 Light Cavalry
62:16 Two-Man Saw
61:20 Fletching
61:31 Padded Archer Armor
61:04 Hussar
62:23 Bodkin Arrow
61:51 Elite Skirmisher
67:26 Bracer
67:42 Leather Archer Armor
濕主請三濕
13:33 Feudal Age
14:14 Double-Bit Axe
14:14 Horse Collar
17:38 Castle Age
17:09 Fletching
19:23 Bow Saw
20:12 Bodkin Arrow
23:27 Wheelbarrow
23:15 Gold Mining
26:10 Town Watch
33:15 Ballistics
37:46 Padded Archer Armor
37:57 Forging
41:10 Imperial Age
41:33 Gold Shaft Mining
41:32 Hand Cart
44:04 Conscription
43:54 Ballistas
44:10 Conscription
43:54 Loom
45:34 Comitatenses
44:36 Elite Centurion
45:15 Stone Mining
48:37 Iron Casting
48:08 Scale Barding Armor
50:21 Husbandry
50:33 Bloodlines
50:47 Chain Barding Armor
51:28 Blast Furnace
50:48 Heavy Plow
54:41 Plate Barding Armor
54:07 Scale Mail Armor
57:05 Chain Mail Armor
58:18 Heavy Scorpion
62:09 Chemistry
64:05 Town Patrol
64:17 Squires
story
5:07 Loom
11:06 Feudal Age
15:37 Castle Age
14:30 Double-Bit Axe
18:09 Bow Saw
28:09 Imperial Age
26:37 Wheelbarrow
27:40 Hand Cart
27:11 Town Watch
29:24 Town Patrol
30:09 Fortified Wall
30:31 Scale Barding Armor
30:37 Forging
30:14 Cavalier
30:55 Husbandry
32:31 Chain Barding Armor
32:46 Iron Casting
32:35 Conscription
33:36 Gold Mining
33:36 Stone Mining
34:11 Paladin
35:38 Coinage
35:08 Caravan
36:05 Gold Shaft Mining
36:09 Plate Barding Armor
36:35 Blast Furnace
37:24 Chemistry
36:21 Murder Holes
37:00 Elite Throwing Axeman
47:22 Elite Skirmisher
49:58 Padded Archer Armor
49:49 Fletching
51:58 Bodkin Arrow
52:19 Leather Archer Armor
Two.One
9:01 Loom
11:10 Feudal Age
15:30 Castle Age
13:30 Double-Bit Axe
18:19 Bow Saw
20:04 Gold Mining
39:35 Scale Barding Armor
42:17 Imperial Age
40:26 Wheelbarrow
41:20 Forging
41:32 Town Watch
41:52 Light Cavalry
42:33 Husbandry
43:02 Chain Barding Armor
50:09 Iron Casting
53:51 Pikeman
54:36 Squires
54:55 Halberdier
55:44 Scale Mail Armor
58:22 Chain Mail Armor
60:40 Plate Mail Armor
63:24 Stone Mining
64:10 Gambesons
65:52 Blast Furnace
64:21 Siege Elephant
67:06 Onager
70:37 Siege Onager
76:14 Conscription
Williamjason007
10:35 Feudal Age
11:15 Double-Bit Axe
13:06 Horse Collar
18:49 Castle Age
17:00 Stone Mining
17:50 Forging
17:47 Gold Mining
18:57 Scale Mail Armor
19:41 Pikeman
20:21 Squires
22:19 Iron Casting
24:13 Chain Mail Armor
25:00 Arson
45:38 Imperial Age
46:18 Elite Samurai
49:34 Plate Mail Armor
52:02 Blast Furnace
60:11 Kataparuto
61:49 Onager
DonJuan14
1:20 Loom
13:56 Feudal Age
14:39 Man-at-Arms
15:48 Horse Collar
15:57 Double-Bit Axe
17:56 Gold Mining
21:49 Castle Age
35:08 Gold Shaft Mining
34:50 Bow Saw
34:44 Heavy Plow
54:37 Stone Mining
56:45 Wheelbarrow
55:55 Town Watch
76:29 Imperial Age
76:39 Elite Fire Lancer
Nice To Meet UR Trash Army
11:10 Feudal Age
11:53 Double-Bit Axe
11:50 Horse Collar
14:54 Castle Age
14:04 Wheelbarrow
13:15 Loom
15:53 Bow Saw
22:20 Heavy Plow
24:31 Hand Cart
25:07 Stone Mining
26:23 Fletching
27:29 Ballistics
27:28 Gold Mining
27:31 Light Cavalry
28:22 Bloodlines
28:13 Husbandry
28:26 Bodkin Arrow
30:30 Padded Archer Armor
30:36 Scale Barding Armor
31:33 Stone Shaft Mining
31:35 Gold Shaft Mining
31:58 Chain Barding Armor
31:49 Forging
32:44 Leather Archer Armor
33:01 Herbal Medicine
36:01 Imperial Age
34:05 Thumb Ring
34:59 Iron Casting
34:28 Town Watch
36:02 Masonry
35:47 Murder Holes
37:10 Parthian Tactics
36:06 Elite Mangudai
36:48 Bracer
37:10 Drill
37:52 Chemistry
36:19 Hussar
36:57 Capped Ram
37:46 Siege Engineers
38:09 Conscription
38:58 Blast Furnace
38:40 Town Patrol
39:01 Siege Ram
40:51 Murder Holes
44:20 Hoardings
44:51 Fervor
52:42 Fortified Wall
52:09 Heavy Camel Rider
52:51 Scale Mail Armor
54:30 Coinage
54:01 Caravan
57:58 Chain Mail Armor
62:47 Banking
62:31 Nomads
65:07 Plate Mail Armor
69:30 Onager
69:36 Heavy Scorpion
70:51 Elite Steppe Lancer
75:50 Spies/Treason
76:43 Siege Onager
Connection lost

Rejoining the realm…

Still unreachable

The connection could not be restored.

Session expired

The server has moved on; the page needs a fresh start.